 Dungeon Crawl Stone Soup version 0.29-a0-284-gf9362112df (webtiles) character file.

Game seed: 8692984254365122026

16 sammy202020 the Skirmisher (level 2, 0/24 HPs)
             Began as a Demonspawn Berserker on Mar 21, 2022.
             Was a Follower of Trog.
             Slain by a hobgoblin (3 damage)
             ... on level 2 of the Dungeon.
             The game lasted 00:01:13 (964 turns).

sammy202020 the Skirmisher (Demonspawn Berserker)    Turns: 964, Time: 00:01:14

Health: 0/24       AC:  2    Str: 17    XL:     2   Next: 41%
Magic:  2/2        EV: 12    Int:  8    God:    Trog [*.....]
Gold:   43         SH:  0    Dex: 12    Spells: 1/1 levels left

rFire   . . .      SeeInvis .   a - +0 hand axe
rCold   . . .      Faith    .   (no shield)
rNeg    . . .      Spirit   .   b - +0 animal skin
rPois   .          Reflect  .   (no helmet)
rElec   .          Harm     .   (no cloak)
rCorr   .          Rampage  .   (no gloves)
Will    .....                   (no boots)
Stlth   +.........              (no amulet)
HPRegen 0.08/turn               (no ring)
MPRegen 0.08/turn               (no ring)

@: no status effects
A: demonic magic 1
a: Renounce Religion, Berserk


You were on level 2 of the Dungeon.
You worshipped Trog.
Trog was aware of your devotion.
You visited 1 branch of the dungeon, and saw 2 of its levels.

You collected 43 gold pieces.

Inventory:

Hand Weapons
 a - a +0 hand axe (weapon)
 l - a +0 mace
Missiles
 e - 4 poisoned darts (quivered)
Armour
 b - a +0 animal skin (worn)
Magical Staves
 g - a staff of conjuration
Scrolls
 d - a scroll of blinking {unknown}
 f - a scroll of silence {unknown}
 j - a scroll of holy word {unknown}
Potions
 c - 2 potions of curing {unknown}
 h - a potion of brilliance {unknown}
 i - a potion of flight {unknown}
 k - a potion of berserk rage {unknown}


   Skills:
 * Level 3.2 Fighting
 * Level 3.0 Axes
 * Level 2.1 Armour
 + Level 1.9 Dodging


You had one spell level left.
You didn't know any spells.
Your spell library was empty.

Dungeon Overview and Level Annotations

Branches:
Dungeon (2/15)

Altars:

Shops:
D:1 :


Innate Abilities, Weirdness & Mutations

Spells you cast may paralyse adjacent enemies.


Message History

Found Tanuh's Book Boutique.
There is an entrance to Tanuh's Book Boutique here.
k - a fizzy purple potion
There is an entrance to Tanuh's Book Boutique here.
Done exploring.
Done exploring.
No target in view!
There is a stone staircase leading down here.
You see here a +0 mace.
You can't go down here!
There is a stone staircase leading down here.
You see here a +0 mace.
l - a +0 mace
There is a stone staircase leading down here.
You climb downwards.
There is a stone staircase leading up here. 3 gnolls come into view.
Found a leather armour.
Found a stone staircase leading down.
The gnoll shouts!
There are monsters nearby!
A frilled lizard and a gnoll come into view.
The gnoll shouts! x2
A frilled lizard and a hobgoblin come into view.
The frilled lizard hisses angrily.
The frilled lizard hisses angrily.
An endoplasm comes into view.
The endoplasm quivers.
The frilled lizard bites you but does no damage.
The hobgoblin hits you. The frilled lizard closely misses you.
The hobgoblin hits you. The gnoll attacks as you move away!
The gnoll hits you with a +0 whip! The hobgoblin barely misses you.
The gnoll attacks as you move away! The gnoll hits you with a +0 whip.
* * * LOW HITPOINT WARNING * * *
The gnoll hits you with a +0 whip.
* * * LOW HITPOINT WARNING * * *
The frilled lizard attacks as you move away!
The frilled lizard closely misses you. The hobgoblin closely misses you.
The hobgoblin attacks as you move away! The hobgoblin hits you.
You die...

. .. . #.. # .. ..
#........#. .# ...
#..........### .#....
#........#..@##.#....
#........###lgJ......
#........#.gggl......
#........#..g........
#........#.........#.
#......<.#......[..#
#..................#
###......#...........
########.........#.


You could see 4 gnolls, an endoplasm, a hobgoblin and 2 frilled lizards.

Vanquished Creatures
  A dart slug (D:1)
  3 ball pythons (D:1)
  2 endoplasms (D:1)
  2 goblins (D:1)
  A hobgoblin (D:1)
  2 bats (D:1)
  A kobold (D:1)
  2 rats (D:1)
14 creatures vanquished.

Notes
Turn   | Place    | Note
-------+----------+-------------------------------------------
     0 | D:1      | sammy202020 the Demonspawn Berserker began the quest for
                  | the Orb.
     0 | D:1      | Reached XP level 1. HP: 18/18 MP: 1/1
   347 | D:1      | Gained mutation: Spells you cast may paralyse adjacent
                  | enemies. [demonic ancestry]
   347 | D:1      | Reached XP level 2. HP: 19/24 MP: 2/2
   878 | D:1      | Found Tanuh's Book Boutique.
   964 | D:2      | Slain by a hobgoblin

Illustrated notes

Levels and vault maps discovered:
D:1:      lemuel_arrival_behind_the_door_small, layout_rooms, serial_shops,
          shop, minmay_misc_feat_rugged
D:2:      layout_rooms, basic_altar, hangedman_feature_mirror,
          kennysheep_path_1, columned_hall_lemuel

Skill      XL: |  1  2 |
---------------+-------+-----
Armour         | 2 |  2.1
Axes           | 3 |  3.0
Fighting       | |  3.2
Dodging        | |  1.9

Action                   || total
-------------------------++-------
Melee: Hand axe          ||    36
       Punch             ||     3
Invok: Berserk           ||     1
Armor: Animal skin       ||     9
Dodge: Dodged            ||    34

Table legend: (Time is in decaauts)
 A = Elapsed time spent in this place.
 B = Non-inter-level travel time spent in this place.
 C = Inter-level travel time spent in this place.
 D = Time resting spent in this place.
 E = Time spent auto-exploring this place.
 F = Levels seen in this place.
 G = Mean time per level.
                   A        B        C        D        E       F      G
               +--------+--------+--------+--------+--------+-----+--------+
         Total |    981 |    981 |      0 |      0 |    772 |   2 |  490.5 |
       Dungeon |    981 |    981 |      0 |      0 |    772 |   2 |  490.5 |
               +--------+--------+--------+--------+--------+-----+--------+

Top non-repeatable levels by time:
     D:1: 966 daAuts
     D:2: 14 daAuts
